 Dungeon Crawl Stone Soup version 0.21.1-1-g345015fe64 (webtiles) character file.

154 rOOCKER the Covered (level 5, -9/46 HPs)
             Began as a Hill Orc Fighter on July 19, 2018.
             Killed by divine providence
             ... invoked by an orc priest
              (14 damage)
             ... on level 3 of the Dungeon.
             The game lasted 00:17:01 (1572 turns).

rOOCKER the Covered (Hill Orc Fighter)              Turns: 1572, Time: 00:17:02

Health: -9/46      AC: 10    Str: 20    XL:     5   Next: 35%
Magic:  5/5        EV:  5    Int:  8    God:
Gold:   162        SH:  0    Dex: 10    Spells: 4/4 levels left

rFire    . . .     SeeInvis .   a - +1 flail
rCold    . . .     Gourm    .   c - +0 shield
rNeg     . . .     Faith    .   t - +0 chain mail (curse)
rPois    .         Spirit   .   (no helmet)
rElec    .         Reflect  .   (no cloak)
rCorr    .         Harm     .   (no gloves)
MR       .....                  i - +0 pair of boots
Stlth    ..........             (no amulet)
HPRegen  0.15/turn              (no ring)
MPRegen  0.09/turn              (no ring)

@: confused
A: no striking features
a: Convert to Beogh


You were on level 3 of the Dungeon.
You were hungry.

You visited 1 branch of the dungeon, and saw 3 of its levels.

You collected 162 gold pieces.

Inventory:

Hand Weapons
 a - a +1 flail (weapon)
 l - a +0 hunting sling
 n - a +0 hunting sling
 y - a +2 spear of flaming
Missiles
 h - 21 sling bullets
 j - 108 stones (quivered)
 s - 78 arrows
 w - 13 poisoned needles
Armour
 b - a +0 scale mail
 c - a +0 shield (worn)
 i - a +0 pair of boots (worn)
 t - a cursed +0 chain mail (worn)
 z - a cursed +0 plate armour
Jewellery
 q - an uncursed ring of fire
Scrolls
 g - a scroll of enchant weapon
 o - a scroll of magic mapping {unknown}
 p - 4 scrolls of identify
 v - a scroll of fog {unknown}
Potions
 d - a potion of might
 e - 2 potions of degeneration {unknown}
 k - a potion of curing {unknown}
 m - a potion of mutation {unknown}
 r - a potion of heal wounds {unknown}
 u - a potion of lignification {unknown}
 x - a potion of berserk rage {unknown}
Comestibles
 f - 7 rations


   Skills:
 + Level 4.2 Fighting
 + Level 3.8 Maces & Flails
 + Level 4.3 Armour
 + Level 0.7 Dodging
 + Level 4.0 Shields


You had 4 spell levels left.
You didn't know any spells.

Dungeon Overview and Level Annotations

Branches:
Dungeon (3/15)

Altars:


Message History

Something hits you but does no damage.
You closely miss something.
The orc priest looks satisfied for a moment.
Something hits you.
You barely miss something.
You hear some strange, mumbled words.
You are confused.
You completely miss something.
You hear some strange, mumbled words.
A magic dart appears from out of thin air!
The magic dart hits you!
The orc priest invokes the aid of Beogh against you.
Beogh smites you!
* * * LOW HITPOINT WARNING * * *
Something hits you but does no damage.
You're too confused to move!
Something hits you but does no damage.
You bump into the rock wall.
The orc priest invokes the aid of Beogh against you.
Beogh smites you!
You die...

#############
#ooo{@.....<#
#.###########
#.# #.# #.#
#{# #o# #.#
#.#


You could see an orc priest and 2 orcs.

Vanquished Creatures
  An ice beast (D:2)
  A hound zombie (D:2)
  An adder (D:3)
  An ooze (D:2)
  2 worms (D:2)
  3 dart slugs (D:2)
  4 giant cockroaches
  2 hobgoblins
  5 bats
  2 frilled lizards
  2 kobolds
  3 rats
  A bush (D:1)
28 creatures vanquished.

Notes
Turn   | Place    | Note
-------+----------+-------------------------------------------
     0 | D:1      | rOOCKER the Hill Orc Fighter began the quest for the Orb.
     0 | D:1      | Reached XP level 1. HP: 19/19 MP: 1/1
   274 | D:1      | Reached XP level 2. HP: 13/27 MP: 2/2
   931 | D:2      | Reached XP level 3. HP: 23/33 MP: 3/3
  1298 | D:2      | Found a faded altar of an unknown god.
  1350 | D:2      | Noticed an ice beast
  1365 | D:2      | Killed an ice beast
  1365 | D:2      | Reached XP level 4. HP: 25/40 MP: 4/4
  1365 | D:2      | Reached XP level 5. HP: 29/46 MP: 5/5
  1572 | D:3      | Killed from afar by an orc priest

Skill      XL: |  1  2  3 |
---------------+----------+-----
Fighting       | 4 |  4.2
Maces & Flails | 3 |  3.8
Armour         | 4 |  4.3
Shields        | 4 |  4.0
Dodging        | |  0.7

Action                   |  1- 3 |  4- 6 || total
-------------------------+-------+-------++-------
Melee: Flail             |   180 |    20 ||   200
  Use: Scroll            |     2 |     1 ||     3
  Eat: Chunk             |     2 |       ||     2
Armor: Scale mail        |    29 |       ||    29
       Chain mail        |    16 |    15 ||    31
Dodge: Dodged            |    28 |       ||    28
Block: Shield            |    55 |     2 ||    57
